 Dungeon Crawl Stone Soup version 0.27.0-1-g7a089689b8 (webtiles) character file.

Game seed: 13575098406093502834

32 deadmanwalking the Magician (level 3, -2/19 HPs)
             Began as a Deep Elf Hedge Wizard on July 31, 2021.
             Slain by a gnoll (3 damage)
             ... on level 1 of the Dungeon.
             The game lasted 00:03:50 (1066 turns).

deadmanwalking the Magician (Deep Elf Hedge Wizard) Turns: 1066, Time: 00:03:50

Health: -2/19      AC:  2    Str:  7    XL:     3   Next: 8%
Magic:  0/11       EV: 12    Int: 19    God:
Gold:   56         SH:  0    Dex: 14    Spells: 7/12 levels left

rFire    . . .     SeeInvis .   d - +0 short sword (freeze)
rCold    . . .     Faith    .   (no shield)
rNeg     . . .     Spirit   .   b - +0 robe
rPois    .         Reflect  .   c - +0 hat
rElec    .         Harm     .   (no cloak)
rCorr    .         Rampage  .   (no gloves)
Will     .....                  (no boots)
Stlth    ++........             f - amulet of the acrobat
HPRegen  0.06/turn              (no ring)
MPRegen  0.12/turn              (no ring)

@: no status effects
A: no striking features
a: no special abilities


You were on level 1 of the Dungeon.
You visited 1 branch of the dungeon, and saw 2 of its levels.

You collected 56 gold pieces.

Inventory:

Hand Weapons
 d - a +0 short sword of freezing (weapon)
Missiles
 a - 17 stones
 e - 11 bolts
 g - 18 sling bullets
Armour
 b - a +0 robe (worn)
 c - a +0 hat (worn)
 i - a +0 kite shield
Jewellery
 f - an amulet of the acrobat (around neck)
Potions
 h - a potion of resistance {unknown}
 k - a potion of brilliance {unknown}


   Skills:
 - Level 2.4 Dodging
 - Level 2.4 Stealth
 + Level 5.1 Spellcasting
 + Level 2.2 Conjurations
 + Level 1.4 Summonings
 + Level 1.3 Translocations


You had 7 spell levels left.
You knew the following spells:

 Your Spells              Type           Power      Damage    Failure   Level
a - Magic Dart            Conj           52%        1d5       4%          1
b - Blink                 Tloc           N/A        N/A       11%         2
c - Call Imp              Summ           10%        N/A       11%         2

Your spell library contained the following spells:

 Spells                   Type           Power      Damage    Failure   Level
 Slow                     Hex            4%         N/A       19%         2
 Conjure Flame            Conj/Fire      9%         6-21      22%         3
 Mephitic Cloud           Conj/Pois/Air  7%         N/A       26%         3
 Summon Guardian Golem    Hex/Summ       7%         N/A       28%         3
 Orb of Destruction       Conj           6%         9d3       100%        7
 Spellforged Servitor     Conj/Summ      5%         N/A       100%        7


Dungeon Overview and Level Annotations

Branches:
Dungeon (2/15)

Altars:


Message History

The gnoll shouts!
A gnoll comes into view. It is wielding a +0 spear.
The gnoll barely misses you. The gnoll hits you but does no damage.
There is a stone staircase leading up here.
The gnoll completely misses you.
You climb upwards.
There is a stone staircase leading down here.
The magic dart hits the gnoll but does no damage.
The gnoll is lightly wounded.
The gnoll misses you.
The magic dart hits the gnoll.
The gnoll is moderately wounded.
The gnoll hits you with a +0 club.
The magic dart hits the gnoll.
The gnoll is heavily wounded.
The gnoll hits you but does no damage.
The magic dart hits the gnoll.
The gnoll is heavily wounded.
The gnoll barely misses you.
The magic dart hits the gnoll.
The gnoll is severely wounded.
The gnoll hits you with a +0 club.
The magic dart hits the gnoll.
The gnoll is almost dead.
The gnoll hits you with a +0 club.
You are too injured to fight recklessly!
You are too injured to fight recklessly!
Casting: Magic Dart (safe; 4% risk of failure)
Confirm with . or Enter, or press ? or * to list all spells.
Aiming: Magic Dart (safe; 4% risk of failure)
Press: ? - help, Shift-Dir - straight line, f/p - gnoll
Aim: a gnoll, wielding a +0 club (almost dead, 100% to hit)
The magic dart hits the gnoll but does no damage.
The gnoll is almost dead.
The gnoll hits you with a +0 club.
* * * LOW HITPOINT WARNING * * *
You closely miss the gnoll.
The gnoll is almost dead.
The gnoll hits you with a +0 club.
You die...

...#####...............#
.#....##.#.............#
.#.......#.............#
.).......#.............#
.#................######
...##.####...........#
...#.....#..[........#
...#.###.####..g.....###
................@#.....#
...###.#...#.#..##.###.#
.#.....###+#.......# #.#
.#.##........##.#### #.###
...##.##....###.######...#
.#..........###.##.....###
.#†#........+...........#
.#.#........#......##.#.#
...#.#+#....#.....###...####


You could see a gnoll.

Vanquished Creatures
  An adder (D:2)
  5 ball pythons (D:1)
  An endoplasm (D:1)
  A giant cockroach (D:1)
  A goblin (D:1)
  3 hobgoblins (D:1)
  A kobold (D:1)
  3 quokkas (D:1)
  2 bats (D:1)
  A frilled lizard (D:2)
  A rat (D:1)
20 creatures vanquished.

Notes
Turn   | Place    | Note
-------+----------+-------------------------------------------
     0 | D:1      | deadmanwalking the Deep Elf Hedge Wizard began the quest
                  | for the Orb.
     0 | D:1      | Reached XP level 1. HP: 10/10 MP: 7/7
   205 | D:1      | Found a faded altar of an unknown god.
   271 | D:1      | Reached XP level 2. HP: 15/15 MP: 6/9
   528 | D:1      | Learned a level 2 spell: Blink
   531 | D:1      | Learned a level 2 spell: Call Imp
   742 | D:1      | Reached skill level 5 in Spellcasting
   927 | D:2      | Reached XP level 3. HP: 19/19 MP: 7/11
  1066 | D:1      | Slain by a gnoll

Illustrated notes

Levels and vault maps discovered:
D:1:      dpeg_arrival_solitude, layout_basic,
          shapermc_ecumenical_altar_mp_vishouse
D:2:      layout_loops_ring, minmay_pentomino_p4, uniq_terence

Skill      XL: |  1  2 |
---------------+-------+-----
Conjurations   | 2 |  2.2
Spellcasting   | 5 |  5.1
Dodging        | |  2.4
Stealth        | |  2.4
Summonings     | |  1.4
Translocations | |  1.3

Action                   || total
-------------------------++-------
Melee: Short sword       ||     1
 Cast: Magic Dart        ||    60
  Use: Scroll            ||     4
Armor: Robe              ||     4
Dodge: Dodged            ||     8
